 Dungeon Crawl Stone Soup version 0.16.1-18-g436b03c (webtiles) character file.

27 hannobal the Digger (level 2, -1/20 HPs)
             Began as a Draconian Earth Elementalist on May 10, 2015.
             Hit by a goblin thrown by Robin (2 damage)
             ... on level 1 of the Dungeon.
             The game lasted 00:05:57 (1416 turns).

hannobal the Digger (Draconian Earth Elementalist)  Turns: 1416, Time: 00:05:58

Health: -1/20      AC:  6    Str: 10    XL:     2   Next: 93%
Magic:  3/4        EV: 12    Int: 15    God:
Gold:   7          SH:  0    Dex: 11    Spells: 2 memorised, 2 levels left

rFire  . . .     SeeInvis .     i - -2 spear (curse)
rCold  . . .     Clarity  .     (armour unavailable)
rNeg   . . .     SustAb   .     (no shield)
rPois  .         Gourm    .     (helmet restricted)
rElec  .         Spirit   .     (no cloak)
rCorr  .         Warding  .     (no gloves)
rMut   .         Stasis   .     c - +1 pair of boots
MR     .....                    (no amulet)
Stlth  ++........               (no ring)
                                (no ring)

@: not resistant to hostile enchantments, unstealthy
A: unfitting armour, cold-blooded, AC +4
a: no special abilities


You were on level 1 of the Dungeon.
You were not hungry.

You visited 1 branch of the dungeon, and saw 2 of its levels.

You collected 7 gold pieces.

Inventory:

Hand weapons
 e - a +0 dagger
 h - a +0 whip
 i - a cursed -2 spear (weapon)
Missiles
 b - 20 stones (quivered)
Armour
 c - a +1 pair of boots (worn)
Books
 d - a book of Geomancy

   Spells                             Type                      Level
   a - Sandblast                      Earth                        1
   b - Stoneskin                      Transmutation/Earth          2
   c - Passwall                       Transmutation/Earth          3
   d - Stone Arrow                    Conjuration/Earth            3
   e - Petrify                        Transmutation/Earth          4
   f - Lee's Rapid Deconstruction     Earth                        5
Comestibles
 a - 2 bread rations
 f - a meat ration
 g - a slice of pizza


   Skills:
 - Level 1.7 Dodging
 - Level 1.7 Stealth
 - Level 2.0 Spellcasting
 - Level 1.0 Transmutations
 + Level 4.1 Earth Magic


You had 2 spell levels left.
You knew the following spells:

 Your Spells              Type           Power        Failure   Level  Hunger
a - Sandblast             Erth           ##....       4%          1    #......
s - Stoneskin             Trmt/Erth      #.......     12%         2    ###....


Dungeon Overview and Level Annotations

Branches:
Dungeon (2/15)

Altars:

Annotations:
D:1 Robin


Innate Abilities, Weirdness & Mutations

Your plain brown scales are hard (AC +4).
Your body does not fit into most forms of armour.
Your cold-blooded metabolism reacts poorly to cold.


Message History

The blast of sand hits the goblin.
You kill the goblin!
Robin throws the goblin at you!
* * * LOW HITPOINT WARNING * * *
The goblin barely misses you. The goblin closely misses you.
Robin barely misses you. The goblin barely misses you.
Robin throws the goblin at you!
You closely miss the goblin.
Your tail-slap misses the goblin.
The goblin barely misses you. The goblin hits you but does no damage.
Robin closely misses you. The goblin misses you.
Robin hits you but does no damage. The goblin hits you but does no damage.
Robin throws the goblin at you!
* * * LOW HITPOINT WARNING * * *
There is a stone staircase leading down here.
You closely miss the goblin. The goblin hits you but does no damage.
Robin hits you but does no damage.
The hobgoblin hits you but does no damage.
The goblin completely misses you. Robin throws the goblin at you!
Robin throws the goblin at you!
You die...

....#.....# #[#
##..#....## #.##
#).####.# ##..# #..#
#.# #...# #..# #.#
#.#.# ##..# #.#
#.#.# ....####.#
#.#.# ##.......#
#g#.#
###....#.#######@#.#
#............[.g.g.#
.........#######.###
.).......# #.#
###...##.# #.#
###...##.#######.#
#................#
.........#########
#.###.####


You could see Robin, a hobgoblin (frenzied) and a goblin (frenzied).

Vanquished Creatures
  A giant gecko (D:1)
  A ball python (D:1)
  6 bats (D:1)
  2 giant cockroaches (D:1)
  5 hobgoblins (D:1)
  A kobold (D:1)
  4 goblins
  3 rats (D:1)
23 creatures vanquished.

Notes
Turn   | Place    | Note
--------------------------------------------------------------
     0 | D:1      | hannobal, the Draconian Earth Elementalist, began the quest for the Orb.
     0 | D:1      | Reached XP level 1. HP: 14/14 MP: 3/3
   196 | D:1      | Reached XP level 2. HP: 20/20 MP: 0/4
   200 | D:1      | Learned a level 2 spell: Stoneskin
   877 | D:1      | Reached skill level 4 in Earth Magic
  1404 | D:2      | Noticed Robin
  1413 | D:1      | HP: 1/20 [Robin/goblin (3)]
  1416 | D:1      | Hit by a goblin thrown by Robin

Action                   || total
-------------------------++-------
Melee: Unarmed           ||     1
       Spear             ||    28
       Whip              ||     7
 Cast: Sandblast         ||    47
  Use: Scroll            ||     1
       Potion            ||     1
  Eat: Chunk             ||     2
